 Dungeon Crawl Stone Soup version 0.27.1-33-g824d729ab1 (webtiles) character file.

Game seed: 14719116715467131358

4 jlumianski the Skirmisher (level 1, 0/14 HPs)
             Began as a Gargoyle Monk on Dec 18, 2021.
             Slain by a goblin (4 damage)
             ... on level 1 of the Dungeon.
             The game lasted 00:00:41 (220 turns).

jlumianski the Skirmisher (Gargoyle Monk)            Turns: 220, Time: 00:00:42

Health: 0/14       AC:  4    Str: 14    XL:     1   Next: 70%
Magic:  1/1        EV: 12    Int: 10    God:
Gold:   0          SH:  0    Dex: 12    Spells: 0/0 levels left

rFire    . . .     SeeInvis .   a - +0 hand axe
rCold    . . .     Faith    .   (no shield)
rNeg     + . .     Spirit   .   b - +0 robe
rPois    ∞         Reflect  .   (no helmet)
rElec    +         Harm     .   (no cloak)
rCorr    .         Rampage  .   (no gloves)
Will     .....                  (no boots)
Stlth    +.........             (no amulet)
HPRegen  0.04/turn              (no ring)
MPRegen  0.07/turn              (no ring)

@: very slow
A: sickness immunity, AC +2, negative energy resistance 1, electricity
resistance, torment resistance 1, petrification resistance
a: no special abilities


You were on level 1 of the Dungeon.
You visited 1 branch of the dungeon, and saw 1 of its levels.

Inventory:

Hand Weapons
 a - a +0 hand axe (weapon)
Missiles
 c - 8 datura-tipped darts (quivered)
Armour
 b - a +0 robe (worn)


   Skills:
 + Level 3.3 Fighting
 + Level 2.8 Axes
 + Level 2.5 Dodging
 + Level 2.2 Stealth


You couldn't memorise any spells.
You didn't know any spells.
Your spell library was empty.

Dungeon Overview and Level Annotations

Branches:
Dungeon (1/15)

Altars:


Innate Abilities, Weirdness & Mutations

You are immune to sickness and miasma.
Your stone body is resilient. (AC +2)
You are immune to poison.
You resist negative energy. (rN+)
You are resistant to electric shocks. (rElec)
You are resistant to unholy torment.
You are immune to petrification.


Message History

You see here a rat corpse.
You enter the shallow water.
Moving in this stuff is going to be slow.
You start resting.
HP restored.
A goblin comes into view. It is wielding a +0 club.
The goblin hits you with a +0 club.
The goblin splashes around in the water.
You hit the goblin but do no damage. You hit the plant.
The plant begins to die.
The goblin splashes around in the water.
Your unstable footing causes you to fumble your attack.
The goblin hits you but does no damage.
You barely miss the goblin. You hit the plant.
The goblin splashes around in the water.
You closely miss the goblin. You hit the plant.
A nearby plant withers and dies.
The goblin splashes around in the water.
You miss the goblin.
The goblin splashes around in the water. x2
Your unstable footing causes you to fumble your attack.
The goblin hits you but does no damage.
Your unstable footing causes you to fumble your attack.
The goblin hits you but does no damage.
Your unstable footing causes you to fumble your attack.
The goblin splashes around in the water.
Your unstable footing causes you to fumble your attack.
The goblin barely misses you.
You closely miss the goblin. The goblin hits you but does no damage.
You hit the goblin but do no damage. The goblin hits you with a +0 club. x2
Your unstable footing causes you to fumble your attack.
The goblin hits you with a +0 club.
Your unstable footing causes you to fumble your attack.
The goblin barely misses you.
Your unstable footing causes you to fumble your attack.
The goblin hits you with a +0 club.
* * * LOW HITPOINT WARNING * * *
Your unstable footing causes you to fumble your attack.
The goblin hits you with a +0 club.
You die...

###### ###### .....#
#.≈P≈## .PP..# #P≈≈PP##
P≈≈P.# #PPP≈.≈# P≈≈P.#
#P≈≈≈PP# P≈♣..#
#.≈P♣≈P## ##≈≈PP.#
#.≈P≈≈PP###@g≈≈≈.##
#..P≈≈≈≈#P≈≈≈♣PP...
###.≈P♣≈P≈≈P≈♣≈P≈...
#....P≈♣≈≈≈≈≈≈≈≈....
#####...†≈≈≈♣♣≈♣≈♣≈≈####
....#.....P≈≈≈♣≈≈≈.≈#
...)..†...PP≈≈♣♣♣≈..+
##..#......≈≈≈♣≈≈P..#
##..#....††≈P≈≈≈P≈..#


You could see a goblin.

Vanquished Creatures
  A goblin (D:1)
  A hobgoblin (D:1)
  3 rats (D:1)
5 creatures vanquished.

Vanquished Creatures (others)
  21 plants (D:1)
21 creatures vanquished.

Grand Total: 26 creatures vanquished

Notes
Turn   | Place    | Note
-------+----------+-------------------------------------------
     0 | D:1      | jlumianski the Gargoyle Monk began the quest for the Orb.
     0 | D:1      | Reached XP level 1. HP: 14/14 MP: 1/1
   220 | D:1      | Slain by a goblin

Illustrated notes

Levels and vault maps discovered:
D:1:      dpeg_arrival_short_road, layout_basic, serial_bayou,
          serial_bayou_lagoon_b, serial_bayou_lagoon_a, serial_bayou_pond_c,
          serial_bayou_pond_e

Action                   || total
-------------------------++-------
Melee: Hand axe          ||    40
Armor: Robe              ||    11
Dodge: Dodged            ||    16
